Map: Bel'Shir Vestige LE (Void)

Players

Musumeci

  • Race: Zerg Zerg
  • League: Diamond
  • Spawn Location: 5:00

IIIIIIIIIIII - Winner!

  • Race: Terran Terran
  • League: Diamond
  • Spawn Location: 11:00

VOD

Have the link to the VOD?

Description

Time

  • Played on: Feb. 11, 2017, 3:45 p.m.
  • Length: 8:01
Show
View Real Time Build Order
Export as new Build Order

Musumeci Zerg 

Build Orders: Pool First 

Get SALT Encoding   

  12  0:01  Drone  
  13  0:10  Drone  
  14  0:30  Spawning Pool  
  13  0:39  Drone  
  14  0:56  Extractor  
  14  1:09  Hatchery  
  13  1:16  Zergling x2  
  14  1:19  Overlord  
  14  1:22  Zergling x2, Extractor  
  14  1:38  Zergling x2  
  16  1:43  Zergling x2  
  17  1:56  Hatchery  
  17  2:00  Zergling x2  
  16  2:22  Zergling x2  
  17  2:24  Queen  
  19  2:39  Zergling x2  
  20  2:59  Zergling x4  
  22  3:06  Zergling x2  
  19  3:13  Queen, Zergling x2  
  18  3:32  Drone x2  
  19  3:34  Hatchery  
  17  3:46  Queen  
  19  3:48  Drone x2  
  22  3:56  Drone  
  22  4:11  Drone x2  
  24  4:20  Drone x3  
  27  4:26  Overlord  
  24  4:48  Queen, Drone  
  27  4:57  Queen  
  29  5:09  Drone x6  
  29  5:12  Drone  
  36  5:26  Overlord  
  36  5:30  Extractor  
  36  5:31  Extractor  
  36  5:32  Roach Warren  
  33  5:48  Queen  
  33  5:49  Drone x6  
  41  6:03  Drone x3  
  44  6:07  Overlord  
  44  6:08  Overlord  
  44  6:31  Evolution Chamber x2  
  42  6:37  Roach x4  
  50  6:46  Drone x6  
  56  7:05  Roach x2  
  60  7:10  Spine Crawler, Extractor  
  60  7:12  Spine Crawler  
  56  7:17  Ravager x2  
  56  7:19  Overlord x2  
  58  7:30  Extractor  
  58  7:32  Roach  
Show
View Real Time Build Order
Export as new Build Order

IIIIIIIIIIII Terran - Winner!

Build Orders: MMM Bio 

Get SALT Encoding   

  12  0:00  SCV  
  13  0:13  SCV  
  14  0:18  Supply Depot  
  14  0:25  SCV  
  15  0:31  Refinery  
  15  0:40  SCV  
  16  0:45  Barracks  
  16  0:52  SCV  
  17  1:04  SCV  
  18  1:16  SCV  
  19  1:19  Barracks  
  19  1:31  Orbital Command  
  19  1:32  Marine  
  20  1:36  Bunker  
  20  1:46  Supply Depot  
  20  1:49  Marine  
  21  1:57  SCV  
  22  2:07  Marine  
  22  2:08  Marine  
  24  2:09  SCV  
  25  2:25  Marine  
  25  2:29  SCV, Marine  
  27  2:41  SCV  
  27  2:43  Marine  
  29  2:46  Marine  
  30  2:54  SCV  
  31  3:03  Command Center  
  31  3:04  Marine  
  31  3:45  Barracks Tech Lab  
  31  3:46  Barracks  
  31  3:48  Barracks  
  31  3:51  Refinery  
  31  3:52  Factory  
  31  3:58  Barracks Reactor  
  31  4:14  Supply Depot x2  
  31  4:15  SCV, Marine  
  31  4:16  Supply Depot  
  33  4:24  Orbital Command  
  33  4:27  SCV  
  33  4:36  Marine x2  
  35  4:38  Barracks Tech Lab  
  35  4:39  Barracks Reactor, SCV  
  35  4:44  Marauder  
  38  4:49  SCV, Stimpack  
  38  4:51  SCV  
  40  4:54  Marine x2  
  42  5:01  Supply Depot  
  42  5:03  SCV x2  
  44  5:14  Orbital Command  
  44  5:15  SCV  
  44  5:17  Marine x3  
  44  5:18  Marauder, Marine  
  51  5:26  Engineering Bay  
  51  5:31  Marauder, SCV  
  54  5:41  SCV  
  55  5:43  SCV  
  55  5:45  Factory Reactor  
  56  5:50  Marine x4  
  60  6:00  Starport, SCV x2  
  62  6:06  Combat Shields  
  62  6:11  Missile Turret  
  62  6:12  SCV  
  62  6:13  SCV  
  62  6:18  Marine x2  
  65  6:24  SCV  
  65  6:25  Supply Depot  
  67  6:27  SCV, Marine x2  
  67  6:32  Marauder  
  72  6:33  Marauder  
  72  6:37  SCV  
  76  6:40  SCV  
  76  6:44  Supply Depot  
  76  6:47  Medivac  
  76  6:49  Medivac  
  76  6:50  Marine x2  
  76  6:52  SCV x2  
  84  6:56  Marine x2  
  86  7:03  Missile Turret  
  86  7:05  SCV x2  
  86  7:06  Concussive Shells  
  88  7:14  Supply Depot, Factory Reactor  
  88  7:15  Marine, Supply Depot  
  88  7:16  Marine x2  
  88  7:17  SCV x2  
  88  7:20  Refinery  
  93  7:27  Marine  
  94  7:35  SCV, Marine  
Tags
 
Composition
MMM Bio
Matchup
TvZ
Opening
Pool First
Replay Pack
replay pack
Spawn Locations
Cross Positions
Add a new tag
Caveats
  • Supply blocks, unpowered buildings, or Contaminate may cause inaccurate times.
  • Supply counts are checked every 10 seconds.